 Dungeon Crawl Stone Soup version 0.31-a0-523-g071a6c1ffa (webtiles) character file.

Game seed: 10455251325629677631

831 MisterAzrael the Trooper (level 7, -4/62 HPs)
             Began as a Hill Orc Fighter on Aug 11, 2023.
             Slain by an iguana (10 damage)
             ... on level 5 of the Dungeon.
             The game lasted 00:07:25 (3959 turns).

MisterAzrael the Trooper (Hill Orc Fighter)         Turns: 3959, Time: 00:07:26

Health: -4/62      AC: 12    Str: 21    XL:     7   Next: 98%
Magic:  7/7        EV:  6    Int:  8    God:
Gold:   276        SH:  5    Dex: 16    Spells: 6/6 levels left

rFire   . . .        a - +0 war axe
rCold   . . .        c - +0 buckler
rNeg    . . .        l - +0 plate armour
rPois   .            (no helmet)
rElec   .            (no cloak)
rCorr   .            (no gloves)
SInv    .            (no boots)
Will    .....        (no amulet) Stlth
                     b - +6 ring of dexterity
HPRegen 0.30/turn    (no ring)
MPRegen 0.10/turn

%: no passive effects
@: no status effects
A: no striking features
a: no special abilities


You were on level 5 of the Dungeon.
You visited 1 branch of the dungeon, and saw 5 of its levels.

You collected 276 gold pieces.

Inventory:

Hand Weapons
 a - a +0 war axe (weapon)
Missiles
 m - 9 poisoned darts
Armour
 c - a +0 buckler (worn)
 l - a +0 plate armour (worn)
Jewellery
 b - a +6 ring of dexterity (left hand)
 x - a ring of wizardry
Wands
 w - a wand of paralysis (3) (quivered)
Scrolls
 i - a scroll of immolation {unknown}
 j - a scroll of silence {unknown}
 k - 2 scrolls of fear {unknown}
 p - a scroll of teleportation {unknown}
 q - 2 scrolls of enchant armour {unknown}
 s - a scroll of revelation {unknown}
 t - a scroll of identify {unknown}
 u - a scroll of fog
 v - a scroll of noise {unknown}
Potions
 f - a potion of brilliance
 g - a potion of heal wounds {unknown}
 h - 2 potions of degeneration {unknown}
 n - 2 potions of attraction {unknown}
 o - a potion of resistance {unknown}


   Skills:
 + Level 5.9 Fighting
 + Level 5.8 Axes
 + Level 2.9 Throwing
 + Level 5.4 Armour
 + Level 5.4 Shields


You had 6 spell levels left.
You didn't know any spells.
Your spell library contained the following spells:

 Spells                   Type           Power      Damage    Failure   Level
 Sting                    Tmut/Pois      0%         1d3       100%        1
 Poisonous Vapours        Pois/Air       0%         N/A       100%        2
 Frozen Ramparts          Ice            0%         1d1       100%        3
 Olgreb's Toxic Radiance  Pois           0%         N/A       100%        4
 Petrify                  Tmut/Erth      0%         N/A       100%        4
 Metabolic Englaciation   Hex/Ice        0%         N/A       100%        5


Dungeon Overview and Level Annotations

Branches:
Dungeon (5/15)
 Temple: D:4-7

Altars:
Dithmenos
Gozag
Kikubaaqudgha
Trog
Xom
Yredelemnul
Zin

Annotations:
D:5 Grinder


Message History

Press: ? - help, Q - select action, (/) - cycle Shift-Dir - straight line, f/p - Grinder
Aim: Grinder (moderately wounded, chance to affect: 64%) Grinder's mind is blasted!!
The hound bites you.
The iguana bites you but does no damage.
Grinder blinks!
You block the hound's attack.
Aiming: Mindburst
Press: ? - help, Q - select action, (/) - cycle Shift-Dir - straight line, f/p - Grinder
Aim: Grinder (almost dead, chance to affect: 64%)
The hound struggles to resist.
The now-empty wand crumbles to dust.
Grinder blinks!
The iguana bites you! The hound bites you but does no damage.
Nothing quivered!
Aiming: Paralyse
Press: ? - help, Q - select action, (/) - cycle Shift-Dir - straight line, f/p - Grinder
Aim: Grinder (almost dead, chance to affect: 49%) Grinder resists with some effort.
The hound barely misses you. You block the iguana's attack.
Grinder gestures at you. Pain shoots through your body!
The hound bites you but does no damage.
Aiming: Paralyse
Press: ? - help, Q - select action, (/) - cycle Shift-Dir - straight line, f/p - Grinder
Aim: Grinder (severely wounded, chance to affect: 49%) Grinder resists with some effort.
The iguana barely misses you. You block the hound's attack.
Aiming: Paralyse
Press: ? - help, Q - select action, (/) - cycle Shift-Dir - straight line, f/p - Grinder
Aim: Grinder (severely wounded, chance to affect: 49%) Grinder resists with some effort.
The hound bites you but does no damage. The iguana bites you!
* * * LOW HITPOINT WARNING * * *
Grinder gestures at you. Pain shoots through your body!
* * * LOW HITPOINT WARNING * * *
The hound bites you but does no damage.
Aiming: Paralyse
Press: ? - help, Q - select action, (/) - cycle Shift-Dir - straight line, f/p - Grinder
Aim: Grinder (severely wounded, chance to affect: 49%) Grinder resists with some effort.
Grinder blinks!
The iguana bites you!
You die...

#......#
♣♣.♣♣
##.....# .♣
#.....#
#.....#
##....##
#.....#
#.....#
#.....#
##..@5#
#.lh(.#
#.....#
.......#
........§ .
..........(#
#
............
.....#.......


You could see Grinder, an iguana and a hound.

Vanquished Creatures
  Edmund (D:5)
  Duvessa (D:4)
  A bullfrog (D:5)
  A scorpion (D:5)
  Dowan (D:4)
  3 hounds
  A jelly (D:4)
  An iguana (D:4)
  An orc priest (D:5)
  An orc wizard (D:5)
  11 gnolls
  6 adders
  2 ufetubi
  2 dart slugs
  2 orcs
  5 bats
  5 endoplasms
  7 giant cockroaches
  4 goblins
  5 hobgoblins
  5 quokkas
  5 ball pythons
  2 frilled lizards (D:2)
  5 kobolds
  6 rats
84 creatures vanquished.

Notes
Turn   | Place    | Note
-------+----------+-------------------------------------------
     0 | D:1      | MisterAzrael the Hill Orc Fighter began the quest for the
                  | Orb.
     0 | D:1      | Reached XP level 1. HP: 19/19 MP: 1/1
   166 | D:1      | Reached XP level 2. HP: 25/27 MP: 2/2
   669 | D:2      | Found an opulent altar of Gozag.
   678 | D:2      | You fall into a shaft and drop 1 floor!
   690 | D:3      | Reached XP level 3. HP: 31/33 MP: 3/3
   946 | D:2      | Reached XP level 4. HP: 25/40 MP: 4/4
  1407 | D:3      | Found a shadowy altar of Dithmenos.
  1564 | D:3      | Found a basalt altar of Yredelemnul.
  1570 | D:3      | Found a bloodstained altar of Trog.
  1574 | D:3      | Found a shimmering altar of Xom.
  1954 | D:4      | Reached XP level 5. HP: 34/47 MP: 5/5
  1959 | D:4      | Reached skill level 1 in Throwing
  2213 | D:4      | Noticed Dowan
  2213 | D:4      | Noticed Duvessa
  2366 | D:4      | Reached XP level 6. HP: 46/55 MP: 6/6
  2502 | D:4      | Killed Duvessa
  2503 | D:4      | Reached skill level 5 in Fighting
  2509 | D:4      | Killed Dowan
  2535 | D:4      | Found an ancient bone altar of Kikubaaqudgha.
  2553 | D:4      | Found a glowing silver altar of Zin.
  2704 | D:4      | Reached skill level 5 in Axes
  2934 | D:5      | Entered Level 5 of the Dungeon
  3255 | D:4      | Reached XP level 7. HP: 15/61 MP: 7/7
  3616 | D:5      | Reached skill level 5 in Armour
  3619 | D:5      | Reached skill level 5 in Shields
  3684 | D:5      | Noticed Edmund
  3704 | D:5      | Killed Edmund
  3942 | D:5      | Noticed Grinder
  3959 | D:5      | Slain by an iguana

Illustrated notes

Levels and vault maps discovered:
D:1:      moated_graveyard_arrival, layout_loops_ring
D:2:      layout_rooms, basic_altar
D:3:      layout_loops_ring, nicolae_overflow_macrodata_refinement
D:4:      layout_cave_pools, amcnicky_altar_gilded, old_standard_altar,
          uniq_duvessa
D:5:      layout_cave_pods, hangedman_abyss_or_decor_passed, uniq_edmund,
          uniq_grinder, uniq_pikel, uniq_crazy_yiuf_cottage

Skill      XL: |  1  2  3  4  5  6  7 |
---------------+----------------------+-----
Axes           | 3 4 5 |  5.8
Fighting       | 4 5 |  5.9
Armour         | 4 5 |  5.4
Shields        | 4 5 |  5.4
Throwing       | 1 2 |  2.9

Action                     |  1- 3 |  4- 6 |  7- 9 || total
---------------------------+-------+-------+-------++-------
  Melee: War axe           |    92 |    92 |    43 ||   227
  Throw: Dart              |       |     6 |    11 ||    17
         Throwing net      |       |       |     3 ||     3
  Evoke: Wand              |       |     7 |    10 ||    17
    Use: Potion            |       |     2 |       ||     2
         Scroll            |       |     1 |       ||     1
   Stab: Paralysed         |       |       |     5 ||     5
 Armour: Scale mail        |    32 |       |       ||    32
         Chain mail        |    23 |       |       ||    23
         Plate armour      |     6 |    75 |    42 ||   123
  Dodge: Dodged            |    48 |    39 |    17 ||   104
  Block: Buckler           |    19 |    39 |    22 ||    80

Table legend: (Time is in decaauts)
 A = Elapsed time spent in this place.
 B = Non-inter-level travel time spent in this place.
 C = Inter-level travel time spent in this place.
 D = Time resting spent in this place.
 E = Time spent auto-exploring this place.
 F = Levels seen in this place.
 G = Mean time per level.
                   A        B        C        D        E       F      G
               +--------+--------+--------+--------+--------+-----+--------+
         Total |   4037 |   3959 |     78 |    936 |   2135 |   5 |  807.4 |
       Dungeon |   4037 |   3959 |     78 |    936 |   2135 |   5 |  807.4 |
               +--------+--------+--------+--------+--------+-----+--------+

Top non-repeatable levels by time:
     D:4: 1388 daAuts
     D:3: 729 daAuts
     D:1: 686 daAuts
     D:2: 656 daAuts
     D:5: 576 daAuts
